 Dungeon Crawl Stone Soup version 0.23-a0-655-g3751e1c (console) character file.

973 Duffy the Conjurer (level 7, -2/46 HPs)
             Began as a Demonspawn Fire Elementalist on Jan 7, 2019.
             Slain by a scorpion (6 damage)
             ... on level 6 of the Dungeon.
             The game lasted 00:07:45 (7086 turns).

Duffy the Conjurer (Demonspawn Fire Elementalist)   Turns: 7086, Time: 00:07:46

Health: -2/46      AC:  4    Str:  8    XL:     7   Next: 94%
Magic:  1/14       EV: 11    Int: 18    God:
Gold:   222        SH:  0    Dex: 14    Spells: 8/16 levels left

rFire    . . .     SeeInvis .   s - +0 blowgun
rCold    . . .     Gourm    .   (no shield)
rNeg     . . .     Faith    .   k - +0 leather armour
rPois    .         Spirit   .   (no helmet)
rElec    .         Reflect  .   A - +0 cloak
rCorr    .         Harm     .   (no gloves)
MR       +....                  (no boots)
Stlth    +++.......             B - amulet of rage
HPRegen  0.15/turn              d - ring of protection from magic
MPRegen  0.14/turn              q - ring of wizardry

@: lethally poisoned (-2 -> -6), hasted, very quick
A: talons 1, nightstalker 1
a: Evoke Berserk Rage


You were on level 6 of the Dungeon.
You were not hungry.

You visited 2 branches of the dungeon, and saw 7 of its levels.

You collected 222 gold pieces.

Inventory:

Hand Weapons
 b - a +0 dagger
 f - a +2 dagger of speed
 r - a +1 spear of flaming
 s - a +0 blowgun (weapon)
 E - a +2 flail of venom
Missiles
 v - 19 poisoned needles (quivered)
Armour
 k - a +0 leather armour (worn)
 A - a +0 cloak (worn)
Jewellery
 d - a ring of protection from magic (left hand)
 m - an uncursed ring of resist corrosion
 q - a ring of wizardry (right hand)
 B - an amulet of rage (around neck)
Wands
 y - a wand of digging (4)
Scrolls
 g - 2 scrolls of blinking {unknown}
 h - 3 scrolls of amnesia
 i - a scroll of fear {unknown}
 l - 2 scrolls of teleportation {unknown}
 n - 2 scrolls of enchant weapon {unknown}
 o - 3 scrolls of remove curse
 p - a scroll of magic mapping {unknown}
 t - 4 scrolls of identify
 w - a scroll of immolation {unknown}
Potions
 a - a potion of curing {unknown}
 e - 2 potions of flight {unknown}
 j - 2 potions of haste
 u - a potion of berserk rage {unknown}
 x - a potion of degeneration {unknown}
 z - a potion of heal wounds
 C - a potion of lignification {unknown}
Comestibles
 c - 13 rations
 D - a chunk of flesh


   Skills:
 - Level 1.7 Dodging
 - Level 1.7 Stealth
 + Level 5.0 Spellcasting
 + Level 5.6 Conjurations
 + Level 5.3 Fire Magic


You had 8 spell levels left.
You knew the following spells:

 Your Spells              Type           Power        Failure   Level  Hunger
h - Flame Tongue          Conj/Fire      ###..        1%          1    None
j - Sticky Flame          Conj/Fire      ###.....     9%          4    ####...
l - Conjure Flame         Conj/Fire      ###.....     2%          3    ##.....

Your spell library contained the following spells:

 Spells                   Type           Power        Failure   Level  Hunger
 Throw Flame              Conj/Fire      ###...       1%          2    #......
 Summon Small Mammal      Summ           #...         8%          1    None
 Inner Flame              Hex/Fire       ##......     8%          3    ##.....
 Call Imp                 Summ           #.......     12%         2    #......
 Call Canine Familiar     Summ           #.......     22%         3    ##.....
 Summon Guardian Golem    Hex/Summ       #.......     22%         3    ##.....
 Fireball                 Conj/Fire      ###.......   22%         5    ######.
 Summon Ice Beast         Ice/Summ       #.......     56%         4    ####...
 Summon Lightning Spire   Summ/Air       #.......     56%         4    ####...


Dungeon Overview and Level Annotations

Branches:
Dungeon (6/15)             Temple (1/1) D:4

Altars:
Cheibriados
Dithmenos
Elyvilon
Fedhas
Gozag
Hepliaklqana
Kikubaaqudgha
Makhleb
Okawaru
Qazlal
Trog
Uskayaw
Vehumet
Wu Jian
Xom
Yredelemnul
Zin
The Shining One

Shops:
D:4 [

Annotations:
D:2 exclusion: 2 gnolls
D:4 3 runed doors, Thaneod's ghost, amateur DEIE


Innate Abilities, Weirdness & Mutations

You have sharp toenails.
You are slightly more attuned to the shadows.


Message History

You are too injured to fight recklessly!
Firing (i - inventory)
v - 21 poisoned needles (quivered)
Press: ? - help, Shift-Dir - straight line, f/p - scorpion
Aim: a scorpion (moderately wounded)
You shoot a poisoned needle.
The poisoned needle closely misses the scorpion.
You feel sick. The scorpion stings you.
Firing (i - inventory)
v - 20 poisoned needles (quivered)
Press: ? - help, Shift-Dir - straight line, f/p - scorpion
Aim: a scorpion (moderately wounded)
You shoot a poisoned needle.
The poisoned needle barely misses the scorpion.
You feel sick. The scorpion stings you.
Firing (i - inventory)
v - 19 poisoned needles (quivered)
Press: ? - help, Shift-Dir - straight line, f/p - scorpion
Aim: a scorpion (moderately wounded)
Okay, then.
Unknown command.
It was a potion of haste.
You feel yourself speed up. The scorpion stings you.
You die...

.# .# ...#. .#
(.(.. .# ((. ##
((. #.###.# ##
#....# .# #s#
.# .# ##@## #
#.# ##...####.
#. #.#
#........#
.#.##.#
#.....###. ..
......###.....#
..
.............##
..
...#..#######
.# #..#########
.#
..#..#........


You could see a scorpion.

Vanquished Creatures
  Edmund (D:6)
  A water moccasin (D:5)
  A phantom (D:6)
  An ogre (D:6)
  A bullfrog skeleton (D:5)
  4 orc priests
  Crazy Yiuf (D:6)
  A centaur skeleton (D:4)
  2 orc wizards
  4 worker ants (D:4)
  4 gnolls
  7 adders
  A howler monkey skeleton (D:4)
  A shadow imp (D:6)
  2 oozes (D:1)
  An adder skeleton (D:4)
  An adder zombie (D:5)
  5 worms
  A dart slug (D:1)
  10 orcs
  A ball python (D:2)
  3 giant cockroaches
  7 goblins
  5 hobgoblins
  9 kobolds
  3 quokkas
  8 bats
  4 frilled lizards
  6 rats
96 creatures vanquished.

Notes
Turn   | Place    | Note
-------+----------+-------------------------------------------
     0 | D:1      | Duffy the Demonspawn Fire Elementalist began the quest for
                  | the Orb.
     0 | D:1      | Reached XP level 1. HP: 13/13 MP: 3/3
   111 | D:1      | Gained mutation: You are slightly more attuned to the
                  | shadows. [demonic ancestry]
   111 | D:1      | Reached XP level 2. HP: 19/19 MP: 0/5
   626 | D:1      | Found an iron altar of Okawaru.
   847 | D:1      | Reached XP level 3. HP: 24/24 MP: 4/6
   852 | D:1      | Learned a level 3 spell: Conjure Flame
  2216 | D:2      | Reached XP level 4. HP: 12/30 MP: 0/7
  2517 | D:2      | Found a blossoming altar of Fedhas.
  3246 | D:3      | Learned a level 4 spell: Sticky Flame
  4034 | D:4      | Reached XP level 5. HP: 28/35 MP: 5/9
  4254 | D:4      | Found a runed gate.
  4254 | D:4      | Found a runed gate.
  4254 | D:4      | Found a runed gate.
  4260 | D:4      | Noticed Thaneod's ghost (amateur DEIE)
  4271 | D:4      | Found Zuxam's Antique Armour Shoppe.
  4366 | D:4      | Found a hide-covered altar of Uskayaw.
  4609 | D:4      | Found a staircase to the Ecumenical Temple.
  4622 | Temple   | Entered the Ecumenical Temple
  5036 | D:4      | Found a hazy altar of Hepliaklqana.
  5036 | D:4      | Found a glowing silver altar of Zin.
  5130 | D:5      | Entered Level 5 of the Dungeon
  5211 | D:5      | Reached XP level 6. HP: 41/41 MP: 5/11
  5629 | D:5      | Noticed a water moccasin
  5638 | D:5      | Killed a water moccasin
  6291 | D:5      | Gained mutation: You have sharp toenails. [demonic
                  | ancestry]
  6291 | D:5      | Reached XP level 7. HP: 37/46 MP: 2/13
  6580 | D:6      | Reached skill level 5 in Conjurations
  6684 | D:6      | Found a runed door.
  6688 | D:6      | Noticed Crazy Yiuf
  6697 | D:6      | Killed Crazy Yiuf
  6893 | D:6      | Noticed Edmund
  6896 | D:6      | Reached skill level 5 in Fire Magic
  6918 | D:6      | Killed Edmund
  7079 | D:6      | Reached skill level 5 in Spellcasting
  7086 | D:6      | Slain by a scorpion

Vault maps used:
D:1:      erik_arrival_gehennom, okawaru_ov_weapons_minmay
D:2:      fedhas_altar_1
D:4:      nicolae_overflow_hidden_temple, lemuel_crystal_altar, temple_green,
          serial_shops, shop, ebering_ghost_rock_garden
D:5:      first_ration
D:6:      gammafunk_ghost_hive, minivault_23, uniq_edmund,
          uniq_crazy_yiuf_cottage
Temple:   zaba_magenta_temple

Skill      XL: |  1  2  3  4  5  6  7 |
---------------+----------------------+-----
Conjurations   | 2 3 4 5 |  5.6
Fire Magic     | 3 4 5 |  5.3
Spellcasting   | 3 4 5 |  5.0
Dodging        | |  1.7
Stealth        | |  1.7

Action                   |  1- 3 |  4- 6 |  7- 9 || total
-------------------------+-------+-------+-------++-------
Melee: Dagger            |    26 |       |       ||    26
 Fire: Blowgun           |       |    50 |    11 ||    61
 Cast: Flame Tongue      |    63 |   100 |    44 ||   207
       Conjure Flame     |     1 |     5 |     1 ||     7
       Sticky Flame      |       |     1 |     4 ||     5
  Use: Scroll            |       |     3 |       ||     3
       Potion            |       |       |     1 ||     1
  Eat: Chunk             |     5 |    10 |     3 ||    18
       Ration            |       |     1 |       ||     1
Armor: Robe              |     3 |       |       ||     3
       Leather armour    |     4 |    10 |     5 ||    19
Dodge: Dodged            |    22 |    24 |     8 ||    54

Table legend:
 A = Non-vault XP
 B = Vault XP
 C = Vault XP percentage of total XP
 D = Non-vault monster count
 E = Vault monster count
 F = Vault count percentage of total count
                 A         B        C        D         E       F
            +---------+---------+-------+---------+---------+-------
      Total |    1168 |     223 |  16.0 |      89 |       7 |   7.3
            +---------+---------+-------+---------+---------+-------
        D:1 |      44 |      19 |  30.2 |      17 |       5 |  22.7
        D:2 |      45 |       0 |   0.0 |      11 |       0 |   0.0
        D:3 |      66 |       0 |   0.0 |      21 |       0 |   0.0
        D:4 |     295 |       0 |   0.0 |      18 |       0 |   0.0
        D:5 |     358 |       0 |   0.0 |      11 |       0 |   0.0
        D:6 |     360 |     204 |  36.2 |      11 |       2 |  15.4
            +---------+---------+-------+---------+---------+-------
